 Dungeon Crawl Stone Soup version 0.31-a0-664-g902f515a81 (webtiles) character file.

Game seed: 12590843885667818805

1532144 Midn8 the Slayer (level 27, 231/231 HPs)
             Began as a Gnoll Fire Elementalist on Sept 1, 2023.
             Was a High Priest of Cheibriados.
             Escaped with the Orb
             ... and 3 runes on Sept 2, 2023!
             The game lasted 05:03:32 (83980 turns).

Midn8 the Slayer (Gnoll Fire Elementalist)         Turns: 83980, Time: 05:03:33

Health: 231/231    AC: 39    Str: 36    XL:     27
Magic:  46/46      EV: 27    Int: 47    God:    Cheibriados [*****.]
Gold:   5402       SH: 24    Dex: 27    Spells: 10/65 levels left

rFire   + + .        b - staff "Womurav" {rElec rC+ rN+ Str+2 Air}
rCold   + . .        M - +0 tower shield {AC+3}
rNeg    + . .        Z - +11 gold dragon scales
rPois   +            (helmet restricted)
rElec   +            o - +1 cloak of Starlight {*Dazzle EV+4 Stlth--}
rCorr   +            d - +1 pair of gloves of the Writhing Gods {rCorr Int+2}
SInv    .            P - +2 pair of boots
Will    +++..        x - amulet of regeneration Stlth
                     k - ring "Marikud" {Fire Will+ Dex+3}
HPRegen 1.38/turn    m - ring "Huleo" {rElec Str+6}
MPRegen 0.30/turn

%: no passive effects
@: studying 3 skills, very slow
A: fangs 1, strong nose, distributed training, antennae 1, clever 2, deformed
body, deterioration 1, strong 1, inability to read after injury 1, sturdy frame
1
0: Orb of Zot
}: 3/15 runes: barnacled, silver, gossamer
a: Renounce Religion, Bend Time, Temporal Distortion, Slouch, Step From Time


You escaped.
You worshipped Cheibriados.
Cheibriados was extremely pleased with you.
You visited 11 branches of the dungeon, and saw 51 of its levels.
You also visited: Trove, Gauntlet and Ice Cave.

You collected 10528 gold pieces.
You spent 5126 gold pieces at shops.

Inventory:

Hand Weapons
 a - a +9 demon trident of pain
Missiles
 C - 26 silver javelins
 L - 67 boomerangs
 S - 18 javelins
 T - a throwing net
 Y - 16 curare-tipped darts
Armour
 d - the +1 pair of gloves of the Writhing Gods (worn) {rCorr Int+2}
   (You found it in a Gauntlet)

   Int+2:     It affects your intelligence (+2).
   rCorr:     It protects you from acid and corrosion.
 o - the +1 cloak of Starlight (worn) {*Dazzle EV+4 Stlth--}
   (You found it in a treasure trove)

   *Dazzle:   It may blind those who miss an attack against the wearer in melee
   combat.
   EV+4:      It affects your evasion (+4).
   Stlth--:   It makes you much less stealthy.
 t - the +2 helmet of the Moon {Will+ Int+3 Stlth+}
   (You bought it in a shop on level 2 of the Orcish Mines)

   Int+3:     It affects your intelligence (+3).
   Will+:     It increases your willpower.
   Stlth+:    It makes you more stealthy.
 M - a +0 tower shield of protection (worn)
 P - a +2 pair of boots (worn)
 V - +4 storm dragon scales {Bai Suzhen}
 Z - +11 gold dragon scales (worn)
Magical Staves
 b - the staff "Womurav" (weapon) {rElec rC+ rN+ Str+2 Air}
   (You took it off a yaktaur on level 1 of the Vaults)

   [staff of air]

   Base accuracy: +5 Base damage: 5 Base attack delay: 1.2 This weapon's minimum
   attack delay (0.6) is reached at skill level 12.
   Str+2:     It affects your strength (+2).
   rC+:       It protects you from cold.
   rElec:     It insulates you from electricity.
   rN+:       It protects you from negative energy.
   Air:       It increases the power of your Air spells.
   It falls into the 'Staves' category.
   It is a one-handed weapon.
 w - a staff of earth
Jewellery
 c - the ring "Qebbou" {rF+ rN+ Will+}
   (You took it off a red devil on level 3 of the Crypt)

   [ring of positive energy]

   rF+:       It protects you from fire.
   rN+:       It protects you from negative energy.
   Will+:     It increases your willpower.
 j - a ring of protection from cold
 k - the ring "Marikud" (left hand) {Fire Will+ Dex+3}
   (You bought it in a shop on level 5 of the Vaults)

   [ring of fire]

   Fire:      It enhances your fire magic.
   Dex+3:     It affects your dexterity (+3).
   rF+:       It protects you from fire.
   rC-:       It makes you vulnerable to cold.
   Will+:     It increases your willpower.
 m - the ring "Huleo" (right hand) {rElec Str+6}
   (You acquired it on level 4 of the Spider Nest)

   [ring of strength]

   Str+6:     It affects your strength (+6).
   rElec:     It insulates you from electricity.
 x - an amulet of regeneration (around neck)
Wands
 u - a wand of mindburst (41)
 z - a wand of roots (29)
 E - a wand of acid (11)
 K - a wand of polymorph (63)
 Q - a wand of charming (66)
 X - a wand of digging (5)
Scrolls
 f - 8 scrolls of fear
 g - 5 scrolls of amnesia
 q - 4 scrolls of revelation
 s - 7 scrolls of blinking
 A - 8 scrolls of fog
 B - a scroll of poison
 F - 3 scrolls of silence
 H - 7 scrolls of vulnerability
 N - 2 scrolls of butterflies
 O - 11 scrolls of teleportation
Potions
 e - 17 potions of heal wounds
 i - 19 potions of curing
 l - 10 potions of enlightenment
 n - 8 potions of resistance
 r - 9 potions of might
 y - 3 potions of invisibility
 G - a potion of mutation
 I - 11 potions of ambrosia
 J - 4 potions of brilliance
 W - 4 potions of cancellation
Miscellaneous
 h - a box of beasts
 p - a phial of floods
 D - a phantom mirror
 R - a tin of tremorstones (2/2)
 U - a lightning rod (4/4)


   Skills:
 + Level 21.9 Fighting
 + Level 18.9 Short Blades
 + Level 18.9 Long Blades
 + Level 18.9 Axes
 + Level 18.9 Maces & Flails
 + Level 18.9 Polearms
 + Level 18.9 Staves
 + Level 18.9 Ranged Weapons
 + Level 18.9 Throwing
 + Level 18.9 Armour
 + Level 19.4 Dodging
 + Level 19.3 Stealth
 + Level 18.9 Shields
 + Level 18.9 Unarmed Combat
 + Level 19.5 Spellcasting
 + Level 18.9 Conjurations
 + Level 16.1 Hexes
 + Level 16.1 Summonings
 + Level 16.1 Necromancy
 + Level 16.1 Translocations
 + Level 16.1 Transmutations
 + Level 20.2 Fire Magic
 + Level 16.1 Ice Magic
 + Level 16.1 Air Magic
 + Level 16.1 Earth Magic
 + Level 16.1 Poison Magic
 + Level 20.5 Invocations
 + Level 18.9 Evocations
 + Level 17.5 Shapeshifting


You had 10 spell levels left.
You knew the following spells:

 Your Spells              Type           Power      Damage    Failure   Level
a - Plasma Beam           Fire/Air       85%        2x1d104   1%          6
b - Volatile Blastmotes   Fire/Tloc      100%       2d18      0%          3
c - Mephitic Cloud        Conj/Pois/Air  100%       N/A       0%          3
d - Irradiate             Conj/Tmut      59%        3d31      1%          5
e - Lee's Rapid Deconstr  Erth           57%        3d27*     1%          5
f - Animate Armour        Summ/Erth      100%       N/A       1%          4
g - Passage of Golubria   Tloc           100%       N/A       1%          4
h - Orb of Destruction    Conj           61%        9d15      1%          7
r - Leda's Unmaking       Conj/Erth      59%        9d10      1%          6
s - Manifold Assault      Tloc           100%       N/A       1%          4
t - Petrify               Tmut/Erth      100%       N/A       1%          4
B - Blink                 Tloc           100%       N/A       0%          2
S - Sublimation of Blood  Necr           100%       N/A       0%          2

Your spell library contained the following spells:

 Spells                   Type           Power      Damage    Failure   Level
 Apportation              Tloc           100%       N/A       0%          1
 Foxfire                  Conj/Fire      100%       2x1d9     0%          1
 Magic Dart               Conj           100%       1d8       0%          1
 Necrotise                Necr           100%       1d9       0%          1
 Sandblast                Erth           100%       2d20      0%          1
 Shock                    Conj/Air       100%       1d9       0%          1
 Sting                    Tmut/Pois      100%       1d8       0%          1
 Summon Small Mammal      Summ           100%       N/A       0%          1
 Call Imp                 Summ           100%       N/A       0%          2
 Cigotuvi's Dreadful Rot  Necr/Pois/Air  100%       N/A       0%          2
 Ensorcelled Hibernation  Hex/Ice        100%       N/A       0%          2
 Lesser Beckoning         Tloc           100%       N/A       0%          2
 Passwall                 Tmut/Erth      95%        N/A       0%          2
 Poisonous Vapours        Pois/Air       100%       N/A       0%          2
 Scorch                   Fire           100%       2d9       0%          2
 Searing Ray              Conj           100%       2d8       0%          2
 Wereblood                Tmut           100%       N/A       0%          2
 Call Canine Familiar     Summ           100%       N/A       0%          3
 Dazzling Flash           Conj/Hex       100%       N/A       0%          3
 Frozen Ramparts          Ice            100%       1d16      0%          3
 Gell's Gravitas          Tloc           100%       N/A       0%          3
 Hailstorm                Conj/Ice       100%       3d20      0%          3
 Inner Flame              Hex/Fire       100%       N/A       0%          3
 Ozocubu's Armour         Ice            100%       N/A       0%          3
 Portal Projectile        Hex/Tloc       100%       N/A       0%          3
 Stone Arrow              Conj/Erth      100%       3d13      0%          3
 Summon Guardian Golem    Hex/Summ       100%       N/A       0%          3
 Swiftness                Air            100%       N/A       0%          3
 Teleport Other           Tloc           100%       N/A       0%          3
 Tukima's Dance           Hex            100%       N/A       0%          3
 Vampiric Draining        Necr           100%       2d13      0%          3
 Flame Wave               Conj/Fire      100%       2d21      0%          4
 Sticky Flame             Conj/Fire      100%       2d11      0%          4
 Airstrike                Air            69%        2d(10-26) 1%          4
 Anguish                  Hex/Necr       57%        N/A       1%          4
 Dispel Undead            Necr           100%       3d31      1%          4
 Fulminant Prism          Conj/Hex       59%        3d24      1%          4
 Iskenderun's Mystic Bla  Conj/Tloc      100%       2d19      1%          4
 Leda's Liquefaction      Hex/Erth       57%        N/A       1%          4
 Olgreb's Toxic Radiance  Pois           100%       N/A       1%          4
 Summon Ice Beast         Ice/Summ       100%       N/A       1%          4
 Summon Lightning Spire   Summ/Air       100%       N/A       1%          4
 Agony                    Necr           100%       N/A       1%          5
 Alistair's Intoxication  Tmut/Pois      76%        N/A       1%          5
 Borgnjor's Vile Clutch   Necr/Erth      57%        N/A       1%          5
 Freezing Cloud           Conj/Ice/Air   71%        6-21      1%          5
 Metabolic Englaciation   Hex/Ice        57%        N/A       1%          5
 Silence                  Hex/Air        69%        N/A       1%          5
 Summon Forest            Summ/Tloc      57%        N/A       1%          5
 Yara's Violent Unravell  Hex/Tmut       57%        3d22      1%          5
 Death Channel            Necr           57%        N/A       1%          6
 Dispersal                Tloc           57%        N/A       1%          6
 Eringya's Noxious Bog    Tmut/Pois      57%        4d6       1%          6
 Simulacrum               Ice/Necr       57%        N/A       1%          6
 Starburst                Conj/Fire      74%        6d19      1%          6
 Spellforged Servitor     Conj/Summ      59%        N/A       2%          7
 Haunt                    Necr/Summ      57%        N/A       3%          7
 Ozocubu's Refrigeration  Ice            57%        4d20      3%          7
 Summon Hydra             Summ           57%        N/A       3%          7
 Lehudib's Crystal Spear  Conj/Erth      59%        10d14     17%         8
 Borgnjor's Revivificati  Necr           57%        N/A       30%         8
 Maxwell's Capacitive Co  Air            69%        ∞         30%         8
 Fire Storm               Conj/Fire      74%        8d19      75%         9
 Chain Lightning          Conj/Air       71%        3d95      95%         9
 Death's Door             Necr           57%        N/A       99%         9
 Polar Vortex             Ice            57%        12d7*     99%         9
 Shatter                  Erth           57%        3d43*     99%         9


Dungeon Overview and Level Annotations

Branches:
Dungeon (15/15)            Temple (1/1) D:4            Lair (5/5) D:9
 Shoals (4/4) Lair:2       Spider (4/4) Lair:3        Slime (0/5) Lair:4
    Orc (2/2) D:12            Elf (3/3) Orc:2        Vaults (5/5) D:14
  Crypt (3/3) Vaults:3       Tomb (0/3) Crypt:3      Depths (4/4) D:15
    Zot (5/5) Depths:4      IceCv (visited)         Gauntlet (visited)

Altars:
Ashenzari
Cheibriados
Dithmenos
Elyvilon
Fedhas
Gozag
Hepliaklqana
Kikubaaqudgha
Makhleb
Nemelex Xobeh
Okawaru
Qazlal
Ru
Sif Muna
Trog
Uskayaw
Vehumet
Wu Jian
Xom
Yredelemnul
Zin
The Shining One
Jiyva
Lugonu

Shops:
D:2 [   D:10 [?   D:12 ?   Orc:2 ([*?   Elf:1 [   Shoals:4 (?[
Vaults:5 !=?=*?   Depths:2 *

Portals:
Hell: Depths:1 Depths:2 Depths:3 Depths:4
Abyss: Depths:2 Depths:3
Pandemonium: Depths:2
Ziggurat: Depths:1

Annotations:
D:13 1 runed translucent door
Lair:5 2 runed translucent doors
Orc:1 Erolcha
Elf:2 3 runed translucent doors
Depths:3 2 runed translucent doors, Qiwept's ghost, veteran BaIE


Innate Abilities, Weirdness & Mutations

You have very sharp teeth.
Your uncanny sense of smell can sniff out nearby items.
Your experience applies equally to all skills.
You have a pair of small antennae on your head.
Your mind is very acute. (Int +8, Str/Dex -2)
Armour fits poorly on your strangely shaped body.
Your body sometimes deteriorates upon taking damage.
Your muscles are strong. (Str +4, Int/Dex -1)
You occasionally lose the ability to read scrolls when taking damage.
Your movements are slightly less encumbered by armour. (ER -2)


Message History

Casting: Plasma Beam (mildly dangerous; 1% risk of failure)
Press: ? - help, Dir - look around, f - activate You feel a strong surge of power!
The bolt of lightning misses the Orb Guardian.
The fiery plasma hits the Orb Guardian!!!
The Orb Guardian is severely wounded.
Unknown command.
Casting: Plasma Beam (mildly dangerous; 1% risk of failure)
Confirm with . or Enter, or press ? or * to list all spells.
Casting: Plasma Beam (mildly dangerous; 1% risk of failure)
Press: ? - help, Dir - look around, f - activate You feel a strong surge of power!
The bolt of lightning hits the Orb Guardian.
The Orb Guardian is severely wounded.
The fiery plasma hits the Orb Guardian!!!
You kill the Orb Guardian!
Cheibriados thoroughly appreciates the change of pace.
Cheibriados raises the support of your attributes as your movement slows.
You draw magical energy from your own body!
You draw magical energy from your own body!
(D) Dungeon (T) Temple (L) Lair (A) Shoals (N) Spider Nest (M) Slime Pits (O) Orcish Mines (E) Elven Halls (V) Vaults (C) Crypt (W) Tomb (U) Depths (H) Hell (Z) Zot
Where to? (Tab/Enter - D:1 @ (x,y), ? - help) HP restored.
There is a stone staircase leading up here.
You climb upwards.
There is a stone staircase leading down here.
There is a stone staircase leading up here.
You climb upwards.
There is a stone staircase leading down here.
There is a stone staircase leading up here.
You climb upwards.
There is a stone staircase leading down here.
There is a staircase leading out of the dungeon here.
Casting: Sublimation of Blood (safe; 0% risk of failure)
Confirm with . or Enter, or press ? or * to list all spells.
Okay, then.
You have escaped!

##.## ##...########.#
####.######......>..##.#
#.....##.......####.##.#
#............#.# #.##.#
#...#.....#..#.## #.##.#
#..######.##....# #.##.#
#...8.....8.....###.##.#
##..#.....#............#
#..#..@..#..#.####.####
#..#.....#.........#
#..8.....8...#######
#.##.######.##
#..#.....#..#
#...........# ###
##..#######.# ##.# ###
#.## #.# ##.#. ##.###.##
#.# #####.###


There were no monsters in sight!

Vanquished Creatures
  4 dread liches
  Khufu (Crypt:1)
  5 ancient liches
  4 orbs of fire (Zot:5)
  A juggernaut (Depths:2)
  Mennas (Crypt:3)
  A royal mummy (Crypt:1)
  Sojobo (Depths:1)
  Parghit (Depths:4)
  4 Killer Klowns (Zot:5)
  Saint Roka (Elf:3)
  Bai Suzhen (Depths:1)
  Margery (Depths:4)
  10 golden dragons
  the Enchantress (Depths:4)
  Jory (Depths:3)
  A bone dragon (Crypt:3)
  Norris (Vaults:3)
  2 electric golems (Zot:5)
  2 walking earthen tomes
  13 tentacled monstrosities
  2 Ice Fiends
  27 Orb Guardians
  6 liches
  4 quicksilver dragons
  2 deep elf blademasters (Elf:3)
  9 sphinxes
  2 deep elf master archers (Elf:3)
  5 titans (Vaults:5)
  A kraken (Shoals:1)
  10 death cobs
  2 ancient champions
  13 shadow dragons
  14 storm dragons
  Aizul (Depths:2)
  10 draconian monks
  Kirke (D:13)
  Ilsuiw (Shoals:3)
  10 frost giants
  2 revenants (Crypt:1)
  14 tengu reavers
  19 vault wardens
  4 fire giants
  7 draconian knights
  6 draconian scorchers
  Louise (Shoals:2)
  10 deep elf sorcerers
  A balrug (Depths:2)
  2 iron dragons
  6 deep elf elementalists (Elf:3)
  3 emperor scorpions
  10 draconian shifters
  A ghost moth (shapeshifter) (Elf:2)
  2 curse skulls
  2 orc warlords (Vaults:4)
  A caustic shrike zombie (Depths:3)
  6 ghost moths
  6 ghouls
  5 draconian stormcallers
  A cacodemon (Zot:1)
  A juggernaut skeleton (Crypt:1)
  11 draconian annihilators
  5 spriggan defenders
  2 formless jellyfish
  4 war gargoyles
  A juggernaut zombie (Depths:3)
  8 very ugly things
  17 ironbound preservers
  6 broodmothers
  A caustic shrike skeleton (Crypt:3)
  18 stone giants
  3 ironbound thunderhulks
  9 vampire knights
  7 deep elf demonologists
  A lorocyproca (Depths:1)
  11 red draconians
  A minotaur (Gauntlet)
  A demonspawn black sun (D:15)
  11 black draconians
  16 purple draconians
  7 deep elf annihilators
  8 white draconians
  4 green draconians
  5 dire elephants
  A spark wasp (Depths:2)
  A blizzard demon (Gauntlet)
  17 yellow draconians
  The ghost of LobsterGuardian the Grappler, a journeyman TrGl of Okawaru (D:13)
  An eidolon (Vaults:3)
  Snorg (Lair:5)
  16 ettins
  11 merfolk javelineers
  A crystal guardian (Vaults:1)
  6 fire dragons
  7 deep elf death magi
  A mummy priest (Crypt:3)
  The ghost of SecretSquirrel the Grappler, a journeyman TrSh of Okawaru (D:12)
  12 yaktaur captains
  A spectral golden dragon (Depths:2)
  A jiangshi (Crypt:3)
  4 entropy weavers
  10 merfolk impalers
  6 deep elf high priests
  2 entropy weavers (shapeshifter)
  15 great orbs of eyes
  A peacekeeper (Vaults:1)
  3 rakshasas
  34 vault guards
  A spriggan skeleton (Crypt:1)
  5 spriggan air magi
  A spriggan zombie (Crypt:3)
  7 hydras
  2 ogre magi (Vaults:5)
  11 ice dragons
  2 hell beasts (Depths:2)
  5 ironbound frosthearts
  A fenstrider witch zombie (Crypt:3)
  3 alligator snapping turtles
  9 boulder beetles
  15 centaur warriors
  5 satyrs
  A jorogumo (Spider:4)
  3 merfolk avatars
  11 merfolk aquamancers
  4 radroaches
  4 deep troll earth magi
  A two-headed ogre (shapeshifter) (Vaults:5)
  A sphinx zombie (Depths:3)
  4 death yaks
  A death knight (Depths:2)
  21 dancing weapons
  6 demonic crawlers
  9 vampire magi
  A death scarab (Gauntlet)
  9 two-headed ogres
  A deep troll shaman (Depths:1)
  9 spriggan berserkers
  11 tengu warriors
  3 orc high priests (Orc:2)
  An emperor scorpion zombie (Crypt:2)
  Sonja (D:12)
  3 soul eaters
  A storm dragon zombie (Crypt:3)
  16 hell knights
  11 deep elf knights
  5 spriggans
  4 skysharks
  6 iron trolls
  A shadow wraith (Depths:2)
  A titan skeleton (Crypt:2)
  4 pharaoh ants
  36 skeletal warriors
  3 sun moths
  An iron giant zombie (Crypt:3)
  A ghost moth zombie (Crypt:2)
  A spark wasp zombie (Depths:3)
  A golden dragon zombie (Depths:3)
  Lodul (D:12)
  39 deep trolls
  4 wizards
  7 flayed ghosts
  A quicksilver dragon simulacrum (Depths:2)
  12 deep elf archers
  2 glowing orange brains
  A shadow demon (D:15)
  10 sea snakes
  Pikel (D:5)
  8 orb spiders
  6 phantasmal warriors
  19 ironbound convokers
  13 harpies
  A golden dragon skeleton (Depths:3)
  An oklob plant (Gauntlet)
  26 deep elf zephyrmancers
  6 mana vipers (Depths:3)
  10 necromancers
  5 lindwurms
  5 steelbarb worms
  31 deep elf pyromancers
  18 wolf spiders
  A fire giant zombie (Depths:2)
  15 manticores
  23 orc knights
  10 fauns
  21 ugly things
  A stone giant zombie (Crypt:3)
  3 orc sorcerers (Orc:2)
  A stone giant skeleton (Crypt:3)
  An elephant (shapeshifter) (Elf:1)
  4 elephants
  11 merfolk sirens
  2 dire elephant zombies
  A fire giant skeleton (Depths:2)
  6 cyclopes
  An iron dragon skeleton (Crypt:3)
  25 moths of wrath
  16 vault sentinels
  9 black mambas
  2 naga zombies (Crypt:3)
  3 ice statues (IceCv)
  8 gargoyles
  6 smoke demons (Crypt:3)
  10 water nymphs
  2 molten gargoyles (Lair:5)
  A torpor snail (shapeshifter) (Vaults:5)
  A storm dragon simulacrum (Depths:3)
  15 cane toads
  A torpor snail (Spider:2)
  A minotaur zombie (Crypt:2)
  3 unseen horrors (D:12)
  An unseen horror zombie (D:10)
  4 rime drakes
  A grey draconian zombie (Crypt:1)
  An orange demon (Zot:1)
  20 yaktaurs
  2 hellions (Zot:1)
  2 efreet (D:14)
  9 komodo dragons
  5 freezing wraiths
  A kobold demonologist (D:10)
  5 ice devils
  5 tengu conjurers
  A golden dragon simulacrum (Depths:3)
  A mana viper zombie (Crypt:2)
  3 red devils (Crypt:3)
  A polar bear (shapeshifter) (Elf:3)
  A queen bee (Lair:1)
  A death drake zombie (Crypt:2)
  5 trolls
  5 wind drakes
  4 meliai
  3 polar bears
  A harpy zombie (Crypt:3)
  11 tarantellas
  A troll (shapeshifter) (Vaults:5)
  2 wolf spider simulacra (D:13)
  31 merfolk
  4 hornets
  8 blink frogs
  2 ettin zombies
  4 dream sheep
  3 harpy skeletons
  16 snapping turtles
  20 slime creatures
  17 culicivoras
  20 jumping spiders
  5 shadows
  3 air elementals
  The ghost of Age the Fighter, an amateur MiFi (D:4)
  17 water elementals
  A black mamba skeleton (Crypt:2)
  A black mamba zombie (Crypt:3)
  8 wraiths
  59 yaks
  9 wyverns
  6 vampires
  A ynoxinul (D:12)
  3 fire elementals
  2 dire elephant simulacra (IceCv)
  5 hogs (D:13)
  9 basilisks
  2 vampire mosquitoes (D:14)
  3 steam dragons
  A spectral komodo dragon (Gauntlet)
  A neqoxec (Depths:1)
  46 redbacks
  5 chaos spawn
  3 wargs
  5 acid dragons
  16 water moccasins
  A floating eye (shapeshifter) (Vaults:5)
  6 hell hounds
  3 black bears
  26 orc warriors
  2 glowing shapeshifter skeletons
  A blink frog zombie (Crypt:1)
  A sky beast (D:7)
  2 ice beasts
  A sky beast (shapeshifter) (Vaults:5)
  26 wolves
  15 ogres
  A blink frog skeleton (Crypt:1)
  4 boggarts
  15 centaurs
  A lemure (D:4)
  5 kobold brigands
  2 earth elementals
  A rime drake skeleton (Crypt:1)
  Blork the orc (D:4)
  5 gnoll sergeants
  6 necrophages
  17 bullfrogs
  2 cane toad simulacra (IceCv)
  4 scorpions
  9 wights
  41 killer bees
  An elephant simulacrum (IceCv)
  2 howler monkeys
  6 electric eels
  5 lava snakes (Lair:5)
  3 centaur zombies
  2 gnoll boudas
  A human zombie (D:10)
  2 hounds (D:5)
  A jelly (D:5)
  11 orc priests
  4 sleepcaps
  A basilisk skeleton (Crypt:1)
  Natasha (thrice) (D:2)
  An iguana (D:6)
  21 orc wizards
  A polar bear simulacrum (IceCv)
  A wolf simulacrum (IceCv)
  An ogre zombie (Crypt:2)
  2 naga skeletons
  A hound skeleton (D:4)
  3 mummies
  25 gnolls
  7 adders
  An ufetubus (D:5)
  A worm (D:3)
  69 orcs
  8 bats
  6 endoplasms
  3 giant cockroaches
  7 goblins
  7 hobgoblins
  4 jackals (D:2)
  21 kobolds
  A quokka (shapeshifter) (Depths:2)
  A quokka (D:2)
  7 ball pythons
  A ball python skeleton (Crypt:1)
  2 frilled lizards (D:1)
  A rat (D:2)
  2 tentacles (Shoals:1)
2171 creatures vanquished.

Vanquished Creatures (collateral kills)
  An orb of fire (Zot:5)
  A golden dragon (Vaults:5)
  Jorgrun (D:13)
  A tentacled monstrosity (Vaults:5)
  A draconian monk (Zot:5)
  A storm dragon (Vaults:5)
  A shadow dragon (Vaults:5)
  An ironbound preserver (Vaults:5)
  A ghoul (Crypt:1)
  A white draconian (Zot:5)
  A fire dragon (Depths:3)
  A jiangshi (Crypt:3)
  An ettin (Vaults:5)
  2 vault guards (Vaults:5)
  A deep troll (Vaults:5)
  An anaconda skeleton (Crypt:1)
  A phantasmal warrior (Vaults:5)
  A necromancer (Crypt:1)
  An iron dragon skeleton (Crypt:1)
  A freezing wraith (Crypt:1)
  2 foxfires (D:4)
23 creatures vanquished.

Vanquished Creatures (others)
  A golden dragon (Vaults:5)
  A draconian knight (Zot:1)
  A molten gargoyle (Lair:5)
  A yak (Lair:1)
  An ogre (Vaults:5)
  2 creeping infernos (Zot:1)
  589 foxfires
  7 tentacles (Shoals:1)
603 creatures vanquished.

Grand Total: 2797 creatures vanquished

Notes
Turn   | Place    | Note
-------+----------+-------------------------------------------
     0 | D:1      | Midn8 the Gnoll Fire Elementalist began the quest for the
                  | Orb.
     0 | D:1      | Reached XP level 1. HP: 13/13 MP: 6/6
   388 | D:1      | Reached XP level 2. HP: 19/19 MP: 3/7
   890 | D:1      | Learned a level 2 spell: Scorch
  1145 | D:2      | Reached skill level 5 in Spellcasting
  1145 | D:2      | Reached XP level 3. HP: 25/25 MP: 3/9
  1213 | D:2      | Noticed Natasha
  1218 | D:2      | Killed Natasha
  1219 | D:2      | Reached skill level 1 in Fighting
  1219 | D:2      | Reached skill level 1 in Short Blades
  1219 | D:2      | Reached skill level 1 in Long Blades
  1219 | D:2      | Reached skill level 1 in Axes
  1219 | D:2      | Reached skill level 1 in Maces & Flails
  1219 | D:2      | Reached skill level 1 in Polearms
  1219 | D:2      | Reached skill level 1 in Staves
  1219 | D:2      | Reached skill level 1 in Ranged Weapons
  1219 | D:2      | Reached skill level 1 in Throwing
  1219 | D:2      | Reached skill level 1 in Armour
  1219 | D:2      | Reached skill level 1 in Shields
  1219 | D:2      | Reached skill level 1 in Unarmed Combat
  1219 | D:2      | Reached skill level 1 in Invocations
  1219 | D:2      | Reached skill level 1 in Evocations
  1231 | D:2      | Noticed Natasha
  1236 | D:2      | Killed Natasha
  1237 | D:2      | Reached skill level 1 in Shapeshifting
  1237 | D:2      | Reached XP level 4. HP: 32/32 MP: 0/11
  1257 | D:2      | Noticed Natasha
  1327 | D:2      | Killed Natasha
  1328 | D:2      | Reached skill level 1 in Hexes
  1328 | D:2      | Reached skill level 1 in Summonings
  1328 | D:2      | Reached skill level 1 in Necromancy
  1328 | D:2      | Reached skill level 1 in Translocations
  1328 | D:2      | Reached skill level 1 in Transmutations
  1328 | D:2      | Reached skill level 1 in Ice Magic
  1328 | D:2      | Reached skill level 1 in Air Magic
  1328 | D:2      | Reached skill level 1 in Earth Magic
  1328 | D:2      | Reached skill level 1 in Poison Magic
  1433 | D:2      | Found Zilod's Armour Emporium.
  1500 | D:2      | Reached XP level 5. HP: 37/37 MP: 7/12
  1549 | D:2      | Bought a +0 pair of gloves for 63 gold pieces
  2065 | D:3      | Found a bloodstained altar of Trog.
  2084 | D:3      | Noticed an ice beast
  2116 | D:3      | Killed an ice beast
  2411 | D:3      | Reached XP level 6. HP: 44/44 MP: 10/13
  2709 | D:3      | Reached skill level 2 in Fighting
  2709 | D:3      | Reached skill level 5 in Dodging
  3494 | D:4      | Found a transporter.
  3544 | D:4      | Found a transporter.
  3689 | D:4      | Found a staircase to the Ecumenical Temple.
  3705 | D:4      | Noticed Blork the orc
  3713 | D:4      | Killed Blork the orc
  3714 | D:4      | Reached XP level 7. HP: 51/51 MP: 7/15
  3813 | Temple   | Entered the Ecumenical Temple
  3834 | Temple   | Learned a level 3 spell: Volatile Blastmotes
  3846 | Temple   | Became a worshipper of Ru the Awakened
  3971 | D:4      | Found a radiant altar of Vehumet.
  4131 | Temple   | Fell from the grace of Ru
  4131 | Temple   | Became a worshipper of Cheibriados the Contemplative
  4213 | D:4      | Found a runed translucent door.
  4218 | D:4      | Noticed Age's ghost (amateur MiFi)
  4235 | D:4      | Reached skill level 5 in Stealth
  4672 | D:4      | Found a burning altar of Makhleb.
  4873 | D:5      | Entered Level 5 of the Dungeon
  4947 | D:5      | Reached * piety under Cheibriados
  4948 | D:5      | Reached skill level 3 in Fighting
  4948 | D:5      | Reached XP level 8. HP: 36/58 MP: 4/16
  5461 | D:5      | Noticed a troll
  5485 | D:5      | Killed a troll
  5628 | D:5      | Found a shadowy altar of Dithmenos.
  5729 | D:5      | Noticed a yak
  5729 | D:5      | Noticed a yak
  5729 | D:5      | Noticed a yak
  5744 | D:5      | Killed a yak
  5745 | D:5      | Reached XP level 9. HP: 36/65 MP: 9/18
  5835 | D:5      | Reached skill level 4 in Fighting
  5915 | D:5      | Learned a level 4 spell: Flame Wave
  5920 | D:5      | Found a broken altar of Ashenzari.
  5946 | D:5      | Noticed Pikel
  6113 | D:5      | Killed Pikel
  6540 | D:6      | Reached skill level 5 in Invocations
  6660 | D:6      | Reached ** piety under Cheibriados
  6886 | D:6      | Found a sparkling altar of Nemelex Xobeh.
  7086 | D:6      | Found an iron altar of Okawaru.
  7713 | D:7      | Reached XP level 10. HP: 71/73 MP: 9/20
  7847 | D:7      | Noticed a boulder beetle
  7856 | D:7      | Reached skill level 5 in Fighting
  7856 | D:7      | Reached skill level 5 in Short Blades
  7856 | D:7      | Reached skill level 5 in Long Blades
  7856 | D:7      | Reached skill level 5 in Axes
  7856 | D:7      | Reached skill level 5 in Maces & Flails
  7856 | D:7      | Reached skill level 5 in Polearms
  7856 | D:7      | Reached skill level 5 in Staves
  7856 | D:7      | Reached skill level 5 in Ranged Weapons
  7856 | D:7      | Reached skill level 5 in Throwing
  7856 | D:7      | Reached skill level 5 in Armour
  7856 | D:7      | Reached skill level 5 in Shields
  7856 | D:7      | Reached skill level 5 in Unarmed Combat
  7856 | D:7      | Reached skill level 5 in Evocations
  7936 | D:7      | Noticed a boulder beetle
  7939 | D:7      | Noticed a boulder beetle
  8117 | D:8      | Reached *** piety under Cheibriados
  8211 | D:8      | Reached skill level 5 in Conjurations
  8614 | D:8      | Reached skill level 5 in Shapeshifting
  9006 | D:8      | Found a glowing golden altar of the Shining One.
  9007 | D:8      | Found a glowing silver altar of Zin.
  9040 | D:8      | Found a hide-covered altar of Uskayaw.
  9040 | D:8      | Found a shimmering altar of Xom.
  9320 | D:9      | Found a staircase to the Lair.
  9320 | D:9      | Noticed an elephant
  9505 | D:9      | Reached **** piety under Cheibriados
  9556 | D:9      | Killed an elephant
  9557 | D:9      | Reached XP level 11. HP: 75/81 MP: 4/22
  9713 | D:9      | Reached skill level 6 in Fighting
  9733 | D:9      | Found a transporter.
  9734 | D:9      | Noticed a boulder beetle
  9735 | D:9      | Found a transporter.
 10004 | D:7      | Killed a boulder beetle
 10005 | D:7      | Reached skill level 5 in Hexes
 10005 | D:7      | Reached skill level 5 in Summonings
 10005 | D:7      | Reached skill level 5 in Necromancy
 10005 | D:7      | Reached skill level 5 in Translocations
 10005 | D:7      | Reached skill level 5 in Transmutations
 10005 | D:7      | Reached skill level 5 in Ice Magic
 10005 | D:7      | Reached skill level 5 in Air Magic
 10005 | D:7      | Reached skill level 5 in Earth Magic
 10005 | D:7      | Reached skill level 5 in Poison Magic
 10854 | D:10     | Entered Level 10 of the Dungeon
 10854 | D:10     | Found Hotimeg's Antique Armour Shop.
 10891 | D:10     | Noticed a two-headed ogre
 10899 | D:10     | Killed a two-headed ogre
 11039 | D:10     | Noticed a two-headed ogre
 11055 | D:10     | Killed a two-headed ogre
 11281 | D:10     | Found Famoserr's Magic Scroll Shoppe.
 11289 | D:10     | Bought a scroll of teleportation for 39 gold pieces
 11289 | D:10     | Bought a scroll of teleportation for 39 gold pieces
 11289 | D:10     | Bought a scroll of teleportation for 39 gold pieces
 11289 | D:10     | Bought a scroll of revelation for 97 gold pieces
 11289 | D:10     | Bought a scroll of identify for 26 gold pieces
 11578 | D:10     | Found a basalt altar of Yredelemnul.
 11773 | D:10     | Reached ***** piety under Cheibriados
 11866 | D:10     | Noticed a centaur warrior
 11877 | D:10     | Killed a centaur warrior
 12435 | Lair:1   | Entered Level 1 of the Lair of Beasts
 12585 | Lair:1   | Reached XP level 12. HP: 89/89 MP: 18/24
 12695 | Lair:1   | Reached skill level 7 in Fighting
 13748 | Lair:2   | Found a staircase to the Shoals.
 13775 | Lair:2   | Found a frozen archway.
 13824 | IceCv    | Entered an ice cave
 13878 | IceCv    | Identified the staff "Abbij" {rElec Str+3 Air}
 13880 | IceCv    | Identified the +5 ring mail of Sunlight {+Blink rPois Dex-5
                  | SInv}
 14199 | IceCv    | Reached ****** piety under Cheibriados
 14345 | IceCv    | Identified the +2 troll leather armour "Mycloos" {Will+
                  | Regen+ Dex+5 Slay-5}
 14611 | Lair:2   | Noticed a five-headed hydra
 14618 | Lair:2   | Killed a five-headed hydra
 14619 | Lair:2   | Reached skill level 8 in Fighting
 14619 | Lair:2   | Reached XP level 13. HP: 90/98 MP: 4/26
 15933 | Lair:2   | Learned a level 4 spell: Passage of Golubria
 16402 | Lair:3   | Found a hole to the Spider Nest.
 16545 | Lair:3   | Reached skill level 10 in Spellcasting
 16727 | Lair:3   | Identified the staff "Zuwestra" {+Blink rF+ rN+ rCorr
                  | Stlth+ Necro}
 16804 | Lair:3   | Learned a level 2 spell: Sublimation of Blood
 17896 | D:7      | Found a shimmering blue altar of Sif Muna.
 17958 | D:7      | Reached skill level 10 in Dodging
 18896 | Lair:4   | Found a staircase to the Slime Pits.
 18896 | Lair:4   | Found a viscous altar of Jiyva.
 18929 | Lair:4   | Reached skill level 9 in Fighting
 18929 | Lair:4   | Reached XP level 14. HP: 97/108 MP: 21/28
 19213 | Lair:4   | Reached skill level 10 in Stealth
 19404 | Lair:5   | Entered Level 5 of the Lair of Beasts
 19426 | Lair:5   | Reached skill level 10 in Invocations
 19588 | Lair:5   | Noticed Snorg
 19597 | Lair:5   | Killed Snorg
 20740 | Lair:5   | Found a large runed translucent door.
 20741 | Lair:5   | Found a large runed translucent door.
 21737 | D:11     | Found a portal to a secret trove of treasure.
 22093 | D:12     | Noticed Lodul
 22108 | D:12     | Killed Lodul
 22247 | D:12     | Noticed Sonja
 22249 | D:12     | Killed Sonja
 22250 | D:12     | Found a runed translucent door.
 22250 | D:12     | Noticed SecretSquirrel's ghost (journeyman TrSh)
 22384 | D:12     | Found Witofol's Magic Scroll Boutique.
 22392 | D:12     | Bought a scroll of blinking for 90 gold pieces
 22392 | D:12     | Bought a scroll of blinking for 90 gold pieces
 22392 | D:12     | Bought a scroll of blinking for 90 gold pieces
 22392 | D:12     | Bought a scroll of identify for 24 gold pieces
 22392 | D:12     | Bought a scroll of identify for 24 gold pieces
 22392 | D:12     | Bought a scroll of identify for 24 gold pieces
 22395 | D:12     | Bought a scroll of identify for 24 gold pieces
 22395 | D:12     | Bought a scroll of poison for 48 gold pieces
 22610 | D:12     | Found a staircase to the Orcish Mines.
 23051 | D:4      | Killed Age's ghost
 23375 | D:13     | Reached skill level 10 in Fire Magic
 23438 | D:13     | Reached XP level 15. HP: 115/115 MP: 1/30
 23577 | D:13     | Noticed LobsterGuardian's ghost (journeyman TrGl)
 23579 | D:13     | Noticed a lich
 23611 | D:13     | Found a runed translucent door.
 23684 | D:13     | Reached skill level 10 in Fighting
 23684 | D:13     | Reached skill level 10 in Short Blades
 23684 | D:13     | Reached skill level 10 in Long Blades
 23684 | D:13     | Reached skill level 10 in Axes
 23684 | D:13     | Reached skill level 10 in Maces & Flails
 23684 | D:13     | Reached skill level 10 in Polearms
 23684 | D:13     | Reached skill level 10 in Staves
 23684 | D:13     | Reached skill level 10 in Ranged Weapons
 23684 | D:13     | Reached skill level 10 in Throwing
 23684 | D:13     | Reached skill level 10 in Armour
 23684 | D:13     | Reached skill level 10 in Shields
 23684 | D:13     | Reached skill level 10 in Unarmed Combat
 23684 | D:13     | Reached skill level 10 in Evocations
 23871 | D:13     | Found a glowing golden altar of the Shining One.
 23871 | D:13     | Noticed Kirke
 23880 | D:13     | Killed Kirke
 24100 | D:13     | Found a runed translucent door.
 24195 | D:13     | Noticed Jorgrun
 24212 | D:13     | Killed Jorgrun
 24422 | Orc:1    | Entered Level 1 of the Orcish Mines
 24817 | Orc:2    | Entered Level 2 of the Orcish Mines
 24869 | Orc:2    | Found a staircase to the Elven Halls.
 24941 | Orc:1    | Noticed Erolcha
 25593 | Orc:2    | Found Wohiemna's Weapon Boutique.
 25593 | Orc:2    | Found Fufejuad's Magic Scroll Emporium.
 25595 | Orc:2    | Found Oheok's General Store.
 25595 | Orc:2    | Found Zecyun's Armour Boutique.
 25601 | Orc:2    | Bought a scroll of enchant armour for 75 gold pieces
 25608 | Orc:2    | Bought the +2 helmet of the Moon {Will+ Int+3 Stlth+} for
                  | 506 gold pieces
 25625 | Orc:2    | Bought a scroll of blinking for 75 gold pieces
 25625 | Orc:2    | Bought a scroll of teleportation for 30 gold pieces
 25625 | Orc:2    | Bought a scroll of revelation for 75 gold pieces
 25627 | Orc:2    | Bought a potion of heal wounds for 70 gold pieces
 25728 | D:12     | Killed SecretSquirrel's ghost
 25845 | D:12     | Learned a level 5 spell: Lee's Rapid Deconstruction
 26164 | Spider:1 | Entered Level 1 of the Spider Nest
 26173 | Spider:1 | Noticed a ghost moth
 26319 | Lair:3   | Killed a ghost moth
 26456 | Spider:1 | Noticed an emperor scorpion
 26547 | Lair:3   | Killed an emperor scorpion
 26759 | Shoals:1 | Entered Level 1 of the Shoals
 27248 | D:14     | Identified the +7 flail "Death Rattle" {venom, Int+4}
 27328 | D:14     | Found a gate leading to a gauntlet.
 27337 | Gauntlet | Entered a Gauntlet
 27337 | Gauntlet | Found a transporter.
 27337 | Gauntlet | Found a transporter.
 27339 | Gauntlet | Found a transporter.
 27340 | Gauntlet | Found a transporter.
 27343 | Gauntlet | Found a transporter.
 27343 | Gauntlet | Found a transporter.
 27371 | Gauntlet | Found a runed translucent door.
 27371 | Gauntlet | Found a runed translucent door.
 27375 | Gauntlet | Found a transporter.
 27379 | Gauntlet | Found a transporter.
 27388 | Gauntlet | Found a transporter.
 27405 | Gauntlet | Found a transporter.
 27419 | Gauntlet | Found a transporter.
 27423 | Gauntlet | Found a transporter.
 27512 | Gauntlet | Got the Anthology of Enchanting Vitiation
 27528 | Gauntlet | Learned a level 3 spell: Mephitic Cloud
 27810 | Gauntlet | Identified the +1 pair of gloves of the Writhing Gods
                  | {rCorr Int+2}
 27856 | Gauntlet | Identified the staff "Yseunt" {*Slow rElec rC+ Int+5 Stlth+
                  | Ice}
 28130 | D:14     | Reached XP level 16. HP: 124/124 MP: 6/31
 28679 | D:14     | Found a gate to the Vaults.
 28830 | D:14     | Found a sparkling altar of Nemelex Xobeh.
 28964 | D:15     | Entered Level 15 of the Dungeon
 29145 | D:15     | Reached skill level 10 in Shapeshifting
 29639 | D:15     | Reached skill level 11 in Fighting
 29858 | D:15     | Found a staircase to the Depths.
 32703 | Spider:2 | Learned a level 6 spell: Plasma Beam
 34568 | Spider:4 | Entered Level 4 of the Spider Nest
 34700 | Spider:4 | Reached skill level 10 in Conjurations
 34716 | Spider:4 | Reached XP level 17. HP: 131/131 MP: 15/33
 35651 | Spider:4 | Reached skill level 10 in Hexes
 35651 | Spider:4 | Reached skill level 10 in Summonings
 35651 | Spider:4 | Reached skill level 10 in Necromancy
 35651 | Spider:4 | Reached skill level 10 in Translocations
 35651 | Spider:4 | Reached skill level 10 in Transmutations
 35651 | Spider:4 | Reached skill level 10 in Ice Magic
 35651 | Spider:4 | Reached skill level 10 in Air Magic
 35651 | Spider:4 | Reached skill level 10 in Earth Magic
 35651 | Spider:4 | Reached skill level 10 in Poison Magic
 36028 | Spider:4 | Identified a scroll of acquirement
 36114 | Spider:4 | Got a gossamer rune of Zot
 36463 | Shoals:1 | Reached skill level 12 in Fighting
 36877 | Shoals:1 | Noticed a kraken
 37417 | Shoals:1 | Killed a kraken
 38252 | Shoals:2 | Noticed Louise
 38260 | Shoals:2 | Killed Louise
 38437 | Shoals:2 | Reached XP level 18. HP: 129/140 MP: 4/35
 41075 | Shoals:3 | Noticed Ilsuiw
 41077 | Shoals:3 | Killed Ilsuiw
 41561 | Shoals:4 | Entered Level 4 of the Shoals
 42535 | Shoals:4 | Found Heginih's Magic Scroll Emporium.
 43563 | Shoals:4 | Bought a scroll of butterflies for 56 gold pieces
 43563 | Shoals:4 | Bought a scroll of teleportation for 42 gold pieces
 43563 | Shoals:4 | Bought 3 scrolls of teleportation for 126 gold pieces
 43563 | Shoals:4 | Bought a scroll of revelation for 105 gold pieces
 43572 | Shoals:4 | Got a barnacled rune of Zot
 44061 | Shoals:4 | Found Weathyiluy's Antique Weapon Shop.
 44187 | Shoals:4 | Acquired the ring "Huleo" {rElec Str+6}
 44473 | Spider:4 | Acquired a book of Sloth
 44480 | Spider:4 | Learned a level 4 spell: Petrify
 44718 | Shoals:4 | Found Maplav's Armour Emporium.
 45341 | Vaults:1 | Entered Level 1 of the Vaults
 45909 | Vaults:1 | Reached skill level 13 in Fighting
 45920 | D:14     | Reached XP level 19. HP: 110/149 MP: 2/36
 46575 | Vaults:1 | You fall into a shaft and drop 1 floor!
 47146 | Vaults:1 | Identified the staff "Bikkeis" {rC+ rN+ Str+3 Necro}
 47153 | Vaults:1 | Identified the staff "Womurav" {rElec rC+ rN+ Str+2 Air}
 47889 | Vaults:1 | Noticed a dread lich
 47893 | Vaults:1 | Noticed a Tzitzimitl
 47895 | Vaults:1 | Killed a dread lich
 48352 | Vaults:1 | Identified the +0 scale mail "Oshagrat" {Str+2}
 49713 | Vaults:2 | Reached XP level 20. HP: 158/158 MP: 26/38
 50088 | Vaults:2 | Learned a level 6 spell: Leda's Unmaking
 51074 | Vaults:2 | Reached skill level 15 in Invocations
 52085 | Vaults:3 | Noticed Norris
 52089 | Vaults:3 | Killed Norris
 52093 | Vaults:3 | Reached skill level 14 in Fighting
 52569 | Vaults:3 | Found a staircase to the Crypt.
 53742 | Vaults:4 | Reached skill level 15 in Spellcasting
 54612 | Vaults:4 | Reached skill level 15 in Dodging
 55152 | Vaults:4 | Reached XP level 21. HP: 166/166 MP: 16/40
 55681 | Elf:1    | Entered Level 1 of the Elven Halls
 55794 | Elf:1    | Reached skill level 15 in Stealth
 56182 | Elf:1    | You fall into a shaft and drop 1 floor!
 56363 | Elf:2    | Found a runed translucent gate.
 56363 | Elf:2    | Found a runed translucent gate.
 56363 | Elf:2    | Found a runed translucent gate.
 57547 | Elf:1    | Found Cuogupuz's Antique Armour Shoppe.
 57556 | Elf:1    | Bought a faintly humming leather armour for 287 gold pieces
 57556 | Elf:1    | Identified the +1 leather armour of the Kappa {Drain Str+6
                  | SInv Stlth+} (You bought it in a shop on level 1 of the
                  | Elven Halls)
 57556 | Elf:1    | Bought a dazzling hat for 369 gold pieces
 57556 | Elf:1    | Identified the -1 hat "Vuzic" {rC- rN+ Regen+} (You bought
                  | it in a shop on level 1 of the Elven Halls)
 58151 | Elf:3    | Entered Level 3 of the Elven Halls
 59406 | Elf:3    | Reached skill level 15 in Fighting
 59406 | Elf:3    | Reached skill level 15 in Short Blades
 59406 | Elf:3    | Reached skill level 15 in Long Blades
 59406 | Elf:3    | Reached skill level 15 in Axes
 59406 | Elf:3    | Reached skill level 15 in Maces & Flails
 59406 | Elf:3    | Reached skill level 15 in Polearms
 59406 | Elf:3    | Reached skill level 15 in Staves
 59406 | Elf:3    | Reached skill level 15 in Ranged Weapons
 59406 | Elf:3    | Reached skill level 15 in Throwing
 59406 | Elf:3    | Reached skill level 15 in Armour
 59406 | Elf:3    | Reached skill level 15 in Shields
 59406 | Elf:3    | Reached skill level 15 in Unarmed Combat
 59406 | Elf:3    | Reached skill level 15 in Evocations
 59515 | Elf:3    | Identified the ring of the Lotus Blossom {Fire Dex+3}
 59554 | Elf:3    | Noticed Saint Roka
 59557 | Elf:3    | Killed Saint Roka
 59565 | Elf:3    | Reached XP level 22. HP: 130/175 MP: 34/41
 59654 | Elf:3    | Identified the staff "Jitetia" {Fragile rElec rC+ Int+3
                  | SInv Stlth+ Ice}
 59743 | Elf:3    | Identified the +9 glaive "Gnoll's Peril" {freeze, Fly}
 59743 | Elf:3    | Identified the +0 leather armour "Vagoirek" {rC- Dex+7
                  | Slay+4}
 59743 | Elf:3    | Identified the amulet "Yjig" {Spirit Str+3 Dex+6}
 59872 | Elf:3    | Reached skill level 15 in Fire Magic
 60074 | Elf:3    | Got the Teachings on Frostbite and Bones
 60075 | Elf:3    | Identified the staff of the Orange Skies {rN+ rCorr Int+3
                  | Dex-2 Necro}
 60389 | Depths:1 | Entered Level 1 of the Depths
 60527 | Depths:1 | Learned a level 3 spell: Ozocubu's Armour
 60618 | Depths:1 | Noticed Sojobo
 60623 | Depths:1 | Killed Sojobo
 60833 | Depths:1 | Found a gateway to Hell.
 61290 | Lair:2   | Learned a level 7 spell: Orb of Destruction
 61724 | D:13     | Killed LobsterGuardian's ghost
 61883 | D:11     | You paid a toll of 17 scrolls of teleportation to enter a
                  | treasure trove
 61884 | Trove    | Entered a treasure trove
 61886 | Trove    | Found the +1 cloak of Starlight {*Dazzle EV+4 Stlth--}
 61908 | Trove    | Identified the +2 rapier "Noesuxu" {antimagic, *Noise rPois
                  | Str+3}
 62210 | Depths:1 | Noticed Bai Suzhen
 62214 | Depths:1 | Killed Bai Suzhen
 62242 | Depths:1 | Found a one-way gateway to a ziggurat.
 62806 | Depths:2 | Found a transporter.
 62813 | Depths:2 | Found a transporter.
 62844 | Depths:2 | Found a transporter.
 63064 | Depths:2 | Found a one-way gate to the infinite horrors of the Abyss.
 63103 | Depths:2 | Found Isaoqookki's General Store.
 63106 | Depths:2 | Bought a potion of heal wounds for 55 gold pieces
 63106 | Depths:2 | Bought a potion of curing for 33 gold pieces
 63106 | Depths:2 | Bought 3 curare-tipped darts for 39 gold pieces
 63114 | Depths:2 | Noticed an ancient lich
 63127 | Depths:2 | Killed an ancient lich
 63267 | Depths:2 | Upgraded the game from 0.31-a0-662-g684573625c to
                  | 0.31-a0-664-g902f515a81
 63520 | Depths:2 | Found a transporter.
 63561 | Depths:2 | Noticed a juggernaut
 63563 | Depths:2 | Killed a juggernaut
 63564 | Depths:2 | Reached skill level 16 in Fighting
 63800 | Depths:2 | Reached XP level 23. HP: 184/184 MP: 29/43
 64584 | Depths:2 | Noticed Aizul
 64587 | Depths:2 | Killed Aizul
 64910 | Depths:2 | Found a one-way gate leading to the halls of Pandemonium.
 65340 | Depths:2 | Got Joegifub's Grimoire of the Catacomb
 65406 | Depths:2 | Learned a level 4 spell: Animate Armour
 65497 | Depths:2 | Learned a level 4 spell: Manifold Assault
 66159 | Depths:3 | Found a runed translucent door.
 66159 | Depths:3 | Noticed Qiwept's ghost (veteran BaIE)
 66176 | Depths:3 | Identified the +9 quarterstaff of the Heavens {drain, Drain
                  | rN+++ Int-2 Dex+4}
 66544 | Depths:3 | Found a runed translucent door.
 66555 | Depths:3 | Identified the amulet of the Final Decision {Acrobat +Blink
                  | rPois rC+ Int+4}
 66593 | Depths:3 | Learned a level 2 spell: Blink
 66632 | Depths:3 | Found a runed translucent door.
 66709 | Depths:3 | Noticed Jory
 66713 | Depths:3 | Killed Jory
 67157 | Depths:4 | Entered Level 4 of the Depths
 67157 | Depths:4 | Noticed Margery
 67230 | Depths:4 | Noticed the Enchantress
 67232 | Depths:4 | Killed the Enchantress
 67233 | Depths:4 | Reached skill level 17 in Fighting
 67421 | Depths:4 | Found an iron altar of Okawaru.
 67839 | Depths:4 | Killed Margery
 67866 | Depths:4 | Reached skill level 15 in Shapeshifting
 67953 | Depths:4 | Noticed a golden dragon
 67986 | Depths:4 | Killed a golden dragon
 68016 | Depths:4 | Noticed Parghit
 68020 | Depths:4 | Killed Parghit
 68202 | Depths:4 | Reached skill level 15 in Conjurations
 68440 | Depths:4 | Reached XP level 24. HP: 195/195 MP: 27/44
 68661 | Depths:4 | Found a gate to the Realm of Zot.
 69191 | Crypt:1  | Entered Level 1 of the Crypt
 69444 | Crypt:1  | Noticed Khufu
 69447 | Crypt:1  | Noticed a royal mummy
 69451 | Crypt:1  | Killed Khufu
 69451 | Crypt:1  | Killed a royal mummy
 70082 | Crypt:1  | You fall into a shaft and drop 1 floor!
 71654 | Crypt:3  | Entered Level 3 of the Crypt
 71656 | Crypt:3  | Reached skill level 18 in Fighting
 72290 | Crypt:3  | Noticed Mennas
 72315 | Crypt:3  | Killed Mennas
 72348 | Crypt:3  | Identified the +8 morningstar of the Contumacious God
                  | {heavy, Int+2}
 73483 | Crypt:3  | Identified the ring "Qebbou" {rF+ rN+ Will+}
 73492 | Crypt:3  | Identified the ring of Beauty {rPois rN+}
 73500 | Crypt:3  | Identified the ring "Trusted Companion" {Fly rPois rN+
                  | Will+}
 73652 | Crypt:3  | Got the Notes on the Postmortem Arsonist
 73842 | Crypt:3  | Found an ancient bone altar of Kikubaaqudgha.
 73842 | Crypt:3  | Noticed an ancient lich
 73842 | Crypt:3  | Identified the +1 battleaxe "Daemeh" {spect, SInv}
 73853 | Crypt:3  | Killed an ancient lich
 73917 | Crypt:3  | Identified the +2 scale mail "Suopaeff" {Int+3 Dex+5
                  | Stlth-}
 73930 | Crypt:3  | Learned a level 5 spell: Irradiate
 74630 | Crypt:3  | Found a staircase to the Tomb.
 75006 | Vaults:5 | Entered Level 5 of the Vaults
 75008 | Vaults:5 | Found Jumioj's Magic Scroll Boutique.
 75063 | Vaults:5 | Reached XP level 25. HP: 113/206 MP: 35/44
 75093 | Vaults:5 | Found Nytz's Jewellery Shoppe.
 75093 | Vaults:5 | Found Naostrei's Jewellery Shop.
 75402 | Vaults:5 | Reached skill level 19 in Fighting
 75404 | Vaults:5 | Found Qiozxoba's Magic Scroll Shoppe.
 75421 | Vaults:5 | Bought a scroll of fear for 76 gold pieces
 75421 | Vaults:5 | Bought a scroll of teleportation for 57 gold pieces
 75823 | Vaults:5 | Noticed an ancient lich
 75829 | Vaults:5 | Killed an ancient lich
 75908 | Vaults:5 | Noticed an ancient lich
 75927 | Vaults:5 | Killed an ancient lich
 76413 | Vaults:5 | Bought the ring "Marikud" {Fire Will+ Dex+3} for 921 gold
                  | pieces
 76423 | Vaults:5 | Found Bedawep's General Store.
 76607 | Vaults:5 | Bought a scroll of acquirement for 572 gold pieces
 76607 | Vaults:5 | Acquired a +0 tower shield of protection
 76633 | Vaults:5 | Got a silver rune of Zot
 76976 | Vaults:5 | Found Ludwapra's Distillery.
 76980 | Vaults:5 | Bought a potion of resistance for 210 gold pieces
 76980 | Vaults:5 | Bought a potion of magic for 168 gold pieces
 76980 | Vaults:5 | Bought a potion of heal wounds for 105 gold pieces
 76980 | Vaults:5 | Bought a potion of enlightenment for 105 gold pieces
 76980 | Vaults:5 | Bought a potion of might for 84 gold pieces
 76980 | Vaults:5 | Bought a potion of mutation for 168 gold pieces
 77802 | Zot:1    | Entered Level 1 of the Realm of Zot
 77977 | Zot:1    | Reached skill level 15 in Hexes
 77977 | Zot:1    | Reached skill level 15 in Summonings
 77977 | Zot:1    | Reached skill level 15 in Necromancy
 77977 | Zot:1    | Reached skill level 15 in Translocations
 77977 | Zot:1    | Reached skill level 15 in Transmutations
 77977 | Zot:1    | Reached skill level 15 in Ice Magic
 77977 | Zot:1    | Reached skill level 15 in Air Magic
 77977 | Zot:1    | Reached skill level 15 in Earth Magic
 77977 | Zot:1    | Reached skill level 15 in Poison Magic
 78460 | Zot:2    | Reached XP level 26. HP: 186/217 MP: 22/45
 78985 | Zot:1    | Reached skill level 20 in Fighting
 81515 | Zot:5    | Entered Level 5 of the Realm of Zot
 81827 | Zot:5    | Reached XP level 27. HP: 227/227 MP: 34/45
 81981 | Zot:5    | Noticed a dread lich
 81989 | Zot:5    | Killed a dread lich
 81990 | Zot:5    | Reached skill level 21 in Fighting
 82117 | Zot:5    | Noticed an orb of fire
 82125 | Zot:5    | Killed an orb of fire
 82144 | Zot:5    | Noticed an orb of fire
 82153 | Zot:5    | Killed an orb of fire
 82424 | Zot:5    | Noticed a dread lich
 82437 | Zot:5    | Killed a dread lich
 82537 | Zot:5    | Noticed an orb of fire
 82549 | Zot:5    | Gained mutation: You are weak. (Str -2) [an orb of fire]
 82550 | Zot:5    | Killed an orb of fire
 82657 | Zot:5    | Noticed an ancient lich
 82660 | Zot:5    | Killed an ancient lich
 82690 | Zot:5    | Noticed a dread lich
 82696 | Zot:5    | Killed a dread lich
 83217 | Zot:5    | Noticed an orb of fire
 83217 | Zot:5    | Gained mutation: You are dopey. (Int -2) [an orb of fire]
 83220 | Zot:5    | Gained mutation: You sometimes lose your temper in combat.
                  | [an orb of fire]
 83221 | Zot:5    | Killed an orb of fire
 83223 | Zot:5    | Lost mutation: You sometimes lose your temper in combat.
                  | [potion of mutation]
 83223 | Zot:5    | Lost mutation: You are weak. (Str -2) [potion of mutation]
 83223 | Zot:5    | Gained mutation: Armour fits poorly on your strangely
                  | shaped body. [potion of mutation]
 83223 | Zot:5    | Gained mutation: You have large cloven feet. [potion of
                  | mutation]
 83224 | Zot:5    | Noticed an orb of fire
 83230 | Zot:5    | Killed an orb of fire
 83322 | Zot:5    | Lost mutation: You are dopey. (Int -2) [potion of mutation]
 83322 | Zot:5    | Lost mutation: You have large cloven feet. [potion of
                  | mutation]
 83322 | Zot:5    | Gained mutation: Your mind is acute. (Int +4, Str/Dex -1)
                  | [potion of mutation]
 83322 | Zot:5    | Gained mutation: Your body sometimes deteriorates upon
                  | taking damage. [potion of mutation]
 83322 | Zot:5    | Gained mutation: You sometimes lose your temper in combat.
                  | [potion of mutation]
 83322 | Zot:5    | Gained mutation: You have a pair of small antennae on your
                  | head. [potion of mutation]
 83323 | Zot:5    | Lost mutation: Your body sometimes deteriorates upon taking
                  | damage. [potion of mutation]
 83323 | Zot:5    | Lost mutation: You sometimes lose your temper in combat.
                  | [potion of mutation]
 83323 | Zot:5    | Gained mutation: Your muscles are strong. (Str +4, Int/Dex
                  | -1) [potion of mutation]
 83323 | Zot:5    | Gained mutation: You occasionally lose the ability to read
                  | scrolls when taking damage. [potion of mutation]
 83323 | Zot:5    | Gained mutation: Your movements are slightly less
                  | encumbered by armour. (ER -2) [potion of mutation]
 83323 | Zot:5    | Gained mutation: Your mind is very acute. (Int +8, Str/Dex
                  | -2) [potion of mutation]
 83379 | Zot:5    | Got the Orb of Zot
 83490 | Zot:1    | Gained mutation: Your body sometimes deteriorates upon
                  | taking damage. [a cacodemon]
 83729 | D:14     | Noticed Neomallu the pandemonium lord
 83980 | D:$      | Escaped with the Orb!

Illustrated notes

Levels and vault maps discovered:
D:1:      scummos_arrival_simple_crosswalls, layout_loops_corners,
          hangedman_decor_riveting, dk_noncrumbling_4
D:2:      layout_rooms, serial_shops, shop, kennysheep_decorative_pillar,
          kennysheep_generic_room_7, uniq_natasha
D:3:      layout_loops_corners, mainiacjoe_overflow_alcove_1, nrook_uturn,
          corexii_item_surrounded_by_moat
D:4:      gammafunk_steamed_eel, layout_loops_ring, makhleb_blood_cavern_becter,
          vehumet_crystals, minmay_temple_entry_crystal_x,
          ebering_ghost_sewer_d, uniq_blork_the_orc
D:5:      layout_cave_pools, nicolae_ashenzari_skybound,
          nicolae_dithmenos_shadow_blocks, wad_rectangle_vault, uniq_pikel
D:6:      layout_basic, mainiacjoe_overflow_small_starburst,
          general_overflow_altar
D:7:      minmay_cornered_nines, layout_loops_ring, tgw_sif,
          minmay_misc_feat_tiny, minmay_chambers_of_fives
D:8:      layout_loops_ring, minitemple
D:9:      gammafunk_boulding_lane, layout_stronghold, david_lair_generic,
          st_stairs_8
D:10:     layout_gridville, lemuel_mausoleum_altar_yredelemnul, serial_shops,
          shop_fountains, nicolae_shop_window_shopping
D:11:     layout_basic, nicolae_trove_entry_diagonal
D:12:     layout_basic, david_orc_4, hellmonk_ghost_big_iron, serial_shops,
          nicolae_diamond_shop, uniq_lodul, uniq_sonja
D:13:     layout_cross, muffindrake_ghost_dual_entry, tso_altar, uniq_kirke,
          uniq_jorgrun
D:14:     layout_rooms, david_vaults_5, gauntlet_entry_generic,
          nemelex_altar_shiori
D:15:     hangedman_depths_entry_civil_slaughter, layout_loops_cross,
          kennysheep_crisscross, special_room [special_room_orc]
Temple:   kb_corrupted_temple
Lair:1:   layout_roguey [special_room_bee], ldierk_geyser
Lair:2:   layout_loops_ring, nicolae_shoals_entry_roost, portal_ice_cave_rime,
          nicolae_quartered_pool_super, grunt_megastairs_5
Lair:3:   nzn_winding_woodlands_medium [nzn_winding_woodlands_5x5_cross,
          nzn_winding_woodlands_5x15_sidewinder,
          nzn_winding_woodlands_5x5_open_star,
          nzn_winding_woodlands_5x5_default,
          nzn_winding_woodlands_center_diamonds,
          nzn_winding_woodlands_5x5_checkerboard,
          nzn_winding_woodlands_5x5_default, nzn_winding_woodlands_5x15_twine,
          nzn_winding_woodlands_5x5_closed_star], layout_layer_cave,
          nicolae_spider_entry_orb_guardian
Lair:4:   layout_gridlike, slime_entry_1, infiniplex_staircase_pool,
          serial_bayou_shore_a
Lair:5:   cheibrodos_lair_end_hotspot, layout_hall_layers, uniq_snorg
Shoals:1: layout_shoals, ldierk_geyser, nicolae_shoals_arrival_archipelago
Shoals:2: layout_shoals, uniq_louise
Shoals:3: layout_shoals, uniq_ilsuiw
Shoals:4: shoals_end_simple, layout_shoals, shoals_ilsuiw_ice, serial_shops,
          nicolae_shop_peninsula, nicolae_shop_peninsula,
          nicolae_shop_statue_plus
Spider:1: layout_spider_delve, drop_trap
Spider:2: layout_spider_delve, hangedman_spider_tarantella_strand
Spider:3: layout_spider_delve
Spider:4: hellmonk_spider_rune_endless_swarm
Orc:1:    layout_caves, basic_altar, uniq_erolcha
Orc:2:    grunt_orc_tribal_feast, layout_diamond_mine, basic_altar
Elf:1:    elf_arrival_001, layout_loops_ring, serial_shops,
          nicolae_diamond_shop, minmay_elf_crystal_hexagon
Elf:2:    nicolae_elf_blades_splatter_lattice
          [nicolae_blade_entry_floor_patterns], layout_loops_ring,
          corexii_leaking_fountain
Elf:3:    minmay_elf_hall_quartered_circle, layout_loops_cross,
          nicolae_elf_free_trip_to_the_abyss, uniq_saint_roka
Vaults:1: hangedman_vaults_slice, st_greater_box_4,
          nicolae_vaults_twisting_passages, grunt_vaults_funnel,
          nicolae_vaults_mitosis, nicolae_vaults_sealed_display,
          nicolae_vaults_border_crossing, nicolae_vaults_trapezoid_2,
          nicolae_vaults_ring_of_whatevers, nicolae_vaults_apartment_2,
          v_misc_22, v_misc_22, nicolae_vaults_house_2,
          ontoclasm_vaults_decontamination, layout_vaults_omnibox
Vaults:2: nicolae_vaults_diamond_1, nicolae_vaults_sesquioval_fish,
          vaults_room_hallway, nicolae_vaults_crenellated_ambush,
          nicolae_vaults_trapezoid_2, v_misc_12,
          nicolae_vaults_ring_of_whatevers, hangedman_vaults_restitches,
          vaults_room_pool, nicolae_vaults_mini_display_case,
          nicolae_vaults_trapezoid_2, layout_vaults_chaotic_city
Vaults:3: ontoclasm_vaults_spin, dpeg_vaults_waves,
          nicolae_vaults_little_squares_1, minmay_crypt_entry_simple_walls,
          vaults_room_stairs_pillars, hangedman_vaults_variations,
          ontoclasm_vaults_chip, nicolae_vaults_diamond_1,
          nicolae_vaults_house_3, vaults_room_pool, hangedman_vaults_capsules,
          v_misc_10, nicolae_vaults_tetromino_L_1, layout_vaults_omnicross,
          uniq_norris
Vaults:4: nicolae_vaults_apartment_1, nicolae_vaults_shipping_containers_4,
          nicolae_vaults_tangram_2, vaults_mumra_minichess_inversion,
          nicolae_vaults_asterisk, v_rooms_3, hangedman_vaults_unwind,
          nicolae_vaults_tetromino_Z_1, vaults_room_octagon,
          layout_vaults_omnigrid
Vaults:5
Crypt:1:  layout_chaotic_city, grunt_megastairs_3, uniq_khufu
Crypt:2:  layout_gridlike
Crypt:3:  quadcrypt_mu, uniq_mennas
Depths:1: layout_gridlike, enter_ziggurat_d, minmay_misc_feat_secret_circle,
          hell_entry, hangedman_aviary, grunt_megastairs_4, uniq_sojobo,
          uniq_bai_suzhen
Depths:2: evilmike_diamond_1, layout_gridlike, hangedman_abyss_entry_splay,
          grunt_mini_vestibule, special_room [special_room_morgue],
          serial_shops, nicolae_shop_behind_doors, rand_demon_pan_entry_9,
          nicolae_transporter_intersection, minmay_staircase_bubble, uniq_aizul
Depths:3: cheibrodos_witchhunters_guild, layout_gridlike, hell_entry,
          grunt_decor_junction, gammafunk_ghost_grave,
          abyss_entry_small_statue_room, minmay_staircase_windowed_small,
          uniq_jory
Depths:4: grunt_twist_and_shout, layout_twisted_cross, hell_entry,
          okawaru_gym_becter, uniq_enchantress, uniq_parghit, uniq_margery
Zot:1:    kennysheep_blocky_room, layout_gridlike, hangedman_hellfire_club
Zot:2:    layout_misc_corridors
Zot:3:    layout_misc_corridors, gammafunk_ghost_split, st_stairs_4,
          lemuel_elevator
Zot:4:    layout_basic
Zot:5:    layout_basic

Skill      XL: |  1  2  3  4  5  6  7  8  9 10 11 12 13 14 15 16 17 18 19 20 21 22 23 24 25 26 27 |
---------------+----------------------------------------------------------------------------------+-----
Conjurations   | 2 3 4 5 6 7 8 9 10 11 12 13 15 16 17 18 | 18.9
Spellcasting   | 5 6 7 8 9 10 11 12 13 14 15 16 17 18 19 | 19.5
Fighting       | 1 2 3 4 5 6 8 9 10 11 12 13 14 15 16 17 18 19 20 21 | 21.9
Short Blades   | 1 2 3 4 5 6 8 9 10 11 12 13 14 15 16 17 18 | 18.9
Long Blades    | 1 2 3 4 5 6 8 9 10 11 12 13 14 15 16 17 18 | 18.9
Axes           | 1 2 3 4 5 6 8 9 10 11 12 13 14 15 16 17 18 | 18.9
Maces & Flails | 1 2 3 4 5 6 8 9 10 11 12 13 14 15 16 17 18 | 18.9
Polearms       | 1 2 3 4 5 6 8 9 10 11 12 13 14 15 16 17 18 | 18.9
Staves         | 1 2 3 4 5 6 8 9 10 11 12 13 14 15 16 17 18 | 18.9
Ranged Weapons | 1 2 3 4 5 6 8 9 10 11 12 13 14 15 16 17 18 | 18.9
Throwing       | 1 2 3 4 5 6 8 9 10 11 12 13 14 15 16 17 18 | 18.9
Armour         | 1 2 3 4 5 6 8 9 10 11 12 13 14 15 16 17 18 | 18.9
Shields        | 1 2 3 4 5 6 8 9 10 11 12 13 14 15 16 17 18 | 18.9
Unarmed Combat | 1 2 3 4 5 6 8 9 10 11 12 13 14 15 16 17 18 | 18.9
Invocations    | 1 2 3 4 5 6 7 8 9 10 11 12 13 14 15 16 17 18 19 20 | 20.5
Evocations     | 1 2 3 4 5 6 8 9 10 11 12 13 14 15 16 17 18 | 18.9
Shapeshifting  | 1 2 3 4 5 6 7 8 9 10 11 12 13 14 15 16 17 | 17.5
Hexes          | 1 2 3 4 5 6 7 8 9 10 11 12 13 14 15 16 | 16.1
Summonings     | 1 2 3 4 5 6 7 8 9 10 11 12 13 14 15 16 | 16.1
Necromancy     | 1 2 3 4 5 6 7 8 9 10 11 12 13 14 15 16 | 16.1
Translocations | 1 2 3 4 5 6 7 8 9 10 11 12 13 14 15 16 | 16.1
Transmutations | 1 2 3 4 5 6 7 8 9 10 11 12 13 14 15 16 | 16.1
Ice Magic      | 1 2 3 4 5 6 7 8 9 10 11 12 13 14 15 16 | 16.1
Air Magic      | 1 2 3 4 5 6 7 8 9 10 11 12 13 14 15 16 | 16.1
Earth Magic    | 1 2 3 4 5 6 7 8 9 10 11 12 13 14 15 16 | 16.1
Poison Magic   | 1 2 3 4 5 6 7 8 9 10 11 12 13 14 15 16 | 16.1
Dodging        | 5 6 7 8 9 10 11 12 13 14 15 16 17 18 19 | 19.4
Stealth        | 5 6 7 8 9 10 11 12 13 14 15 16 17 18 19 | 19.3
Fire Magic     | 6 7 8 9 10 11 12 13 14 15 16 17 18 19 20 | 20.2

Action                     |  1- 3 |  4- 6 |  7- 9 | 10-12 | 13-15 | 16-18 | 19-21 | 22-24 | 25-27 || total
---------------------------+-------+-------+-------+-------+-------+-------+-------+-------+-------++-------
  Melee: Short sword       |     6 |     1 |       |       |       |       |       |       |       ||     7
         Punch             |       |     1 |     2 |     1 |     2 |       |       |       |       ||     6
         Dagger            |       |     3 |    18 |       |       |       |       |       |       ||    21
         Bite              |       |       |     6 |     6 |    22 |    40 |    23 |    44 |   122 ||   263
         Whip              |       |       |    14 |    32 |       |       |       |       |       ||    46
         Staff             |       |       |       |       |   105 |   246 |   112 |    64 |    47 ||   574
         Dire flail        |       |       |       |       |    27 |       |       |       |       ||    27
         Demon trident     |       |       |       |       |       |       |       |   193 |   611 ||   804
   Fire: Orcbow            |       |       |       |   213 |   597 |       |       |       |       ||   810
  Throw: Boomerang         |       |     3 |       |       |       |       |    19 |       |     3 ||    25
         Dart              |       |       |       |       |       |     4 |       |       |       ||     4
   Cast: Foxfire           |    43 |    98 |   122 |    36 |    26 |    17 |       |       |       ||   342
         Scorch            |       |    10 |    55 |    91 |    71 |    13 |       |       |       ||   240
         Volatile Blastmot |       |       |     4 |       |     4 |       |       |       |       ||     8
         Flame Wave        |       |       |     2 |    59 |   119 |    10 |       |       |       ||   190
         Passage of Golubr |       |       |       |       |     2 |     1 |       |       |     1 ||     4
         Lee's Rapid Decon |       |       |       |       |    41 |   164 |    16 |     6 |     2 ||   229
         Plasma Beam       |       |       |       |       |       |   375 |   442 |   518 |   305 ||  1640
         Mephitic Cloud    |       |       |       |       |       |     5 |     3 |       |       ||     8
         Sublimation of Bl |       |       |       |       |       |    11 |   118 |   180 |    88 ||   397
         Leda's Unmaking   |       |       |       |       |       |       |    54 |    14 |    21 ||    89
         Manifold Assault  |       |       |       |       |       |       |       |    19 |    11 ||    30
         Animate Armour    |       |       |       |       |       |       |       |    11 |     7 ||    18
         Ozocubu's Armour  |       |       |       |       |       |       |       |     2 |       ||     2
         Blink             |       |       |       |       |       |       |       |     1 |       ||     1
         Irradiate         |       |       |       |       |       |       |       |     1 |    18 ||    19
         Orb of Destructio |       |       |       |       |       |       |       |       |    49 ||    49
 Invoke: Bend Time         |       |       |       |     1 |     1 |       |       |       |       ||     2
         Slouch            |       |       |       |     2 |     5 |     4 |     2 |     8 |    10 ||    31
Ability: Evoke Blink       |       |       |       |       |       |       |     1 |       |       ||     1
  Evoke: Wand              |       |       |       |     5 |     4 |     7 |       |     4 |    12 ||    32
         Box of beasts     |       |       |       |       |     1 |       |       |       |     1 ||     2
         Tin of tremorston |       |       |       |       |       |       |       |     4 |     2 ||     6
    Use: Scroll            |       |       |     6 |     8 |    14 |     9 |     5 |    18 |    11 ||    71
         Potion            |       |       |     1 |     1 |       |     1 |     2 |     4 |     6 ||    15
   Stab: Sleeping          |     3 |     1 |     2 |     1 |     1 |     2 |       |       |       ||    10
         Confused          |       |       |       |       |       |     1 |     4 |       |       ||     5
         Invisible         |       |       |       |       |       |       |       |     1 |    15 ||    16
         Distracted        |       |       |       |       |       |       |       |     1 |     2 ||     3
 Armour: Robe              |     4 |     8 |    84 |       |       |       |       |       |       ||    96
         Acid dragon scale |       |       |       |   158 |       |       |       |       |       ||   158
         Ring mail         |       |       |       |    32 |   530 |   306 |    62 |     9 |       ||   939
         Storm dragon scal |       |       |       |       |       |       |       |    50 |       ||    50
         Troll leather arm |       |       |       |       |       |       |       |     2 |       ||     2
         Gold dragon scale |       |       |       |       |       |       |       |    99 |   393 ||   492
  Dodge: Dodged            |     4 |     8 |   107 |   275 |   668 |   415 |    73 |   142 |   447 ||  2139
  Block: Buckler           |       |       |       |     7 |       |       |       |       |       ||     7
         Tower shield      |       |       |       |       |       |   125 |   204 |   306 |   785 ||  1420
   Form: Beast             |     1 |       |       |       |       |       |       |       |       ||     1
                           |       |     1 |       |       |       |       |       |       |       ||     1

Table legend: (Time is in decaauts)
 A = Elapsed time spent in this place.
 B = Non-inter-level travel time spent in this place.
 C = Inter-level travel time spent in this place.
 D = Time resting spent in this place.
 E = Time spent auto-exploring this place.
 F = Levels seen in this place.
 G = Mean time per level.
                   A        B        C        D        E       F      G
               +--------+--------+--------+--------+--------+-----+--------+
         Total | 120684 | 100924 |  19760 |  33423 |  46167 |  54 | 2234.9 |
       Dungeon |  32371 |  23493 |   8878 |   6817 |  12402 |  15 | 2158.1 |
        Temple |    105 |     56 |     49 |      0 |      0 |   1 |  105.0 |
          Lair |  15574 |  12209 |   3365 |   3157 |   7205 |   5 | 3114.8 |
        Shoals |   9684 |   8742 |    942 |   4004 |   3206 |   4 | 2421.0 |
   Spider Nest |   9354 |   8049 |   1305 |   2137 |   3540 |   4 | 2338.5 |
  Orcish Mines |   2145 |   1873 |    272 |    353 |   1166 |   2 | 1072.5 |
   Elven Halls |   6557 |   6234 |    323 |   2142 |   3226 |   3 | 2185.7 |
        Vaults |  18027 |  16026 |   2001 |   5965 |   7552 |   5 | 3605.4 |
         Crypt |   7224 |   6738 |    486 |   1860 |   3197 |   3 | 2408.0 |
        Depths |  11427 |   9477 |   1950 |   2728 |   4477 |   4 | 2856.8 |
           Zot |   6621 |   6437 |    184 |   3600 |      0 |   5 | 1324.2 |
         Trove |     80 |     80 |      0 |      0 |      3 |   1 |   80.0 |
      Ice Cave |    684 |    684 |      0 |    370 |      0 |   1 |  684.0 |
      Gauntlet |    824 |    824 |      0 |    288 |    192 |   1 |  824.0 |
               +--------+--------+--------+--------+--------+-----+--------+

Top non-repeatable levels by time:
Vaults:1: 4740 daAuts
  Lair:3: 4545 daAuts
  Lair:2: 3795 daAuts
Vaults:3: 3784 daAuts
 Crypt:3: 3675 daAuts
Vaults:2: 3595 daAuts
Depths:3: 3461 daAuts
Shoals:3: 3442 daAuts
Depths:2: 3338 daAuts
    D:15: 3308 daAuts
    D:14: 3215 daAuts
  Lair:1: 3120 daAuts
Spider:2: 2998 daAuts
     D:9: 2993 daAuts
Vaults:5: 2958 daAuts
